Map: Lightshade LE

Players

kihun

  • Race: Zerg Zerg
  • League: Gold

Throwfordays - Winner!

  • Race: Terran Terran
  • League: Gold

VOD

Have the link to the VOD?

Description

Time

  • Played on: Aug. 27, 2021, 10:06 p.m.
  • Length: 10:29
Show
View Real Time Build Order
Export as new Build Order

kihun Zerg 

Build Orders: Pool First 

Get SALT Encoding   

  12  0:29  Drone x2  
  12  0:30  Overlord  
  14  0:40  Spawning Pool  
  13  0:43  Drone  
  14  0:53  Drone  
  15  1:02  Drone  
  16  1:13  Hatchery  
  15  1:26  Drone x2  
  17  1:33  Extractor  
  17  1:35  Zergling x2  
  17  1:39  Queen  
  19  1:45  Zergling x2  
  20  1:57  Zergling x2  
  21  2:10  Zergling x2  
  22  2:22  Overlord  
  22  2:24  Queen  
  22  2:26  Drone  
  25  2:36  Queen  
  25  2:39  Overlord  
  27  2:48  Drone  
  27  2:49  Drone x2  
  30  2:52  Extractor  
  28  3:06  Zergling x6  
  30  3:13  Zergling x4  
  30  3:15  Queen  
  34  3:31  Drone x3  
  36  3:39  Metabolic Boost  
  36  3:46  Zergling x6  
  37  3:50  Queen  
  37  3:51  Queen  
  41  3:59  Zergling x4  
  43  4:09  Spine Crawler  
  35  4:24  Zergling x4  
  35  4:25  Zergling x6  
  38  4:40  Zergling x6  
  38  4:42  Queen  
  43  4:48  Zergling x2  
  43  4:50  Overlord  
  40  5:15  Zergling x4  
  40  5:16  Zergling x4  
  41  5:32  Lair  
  41  5:38  Zergling x6  
  41  5:39  Zergling x2  
  45  5:51  Drone x2  
  45  6:02  Zergling x4  
  45  6:03  Zergling x2  
  45  6:10  Queen  
  39  6:41  Zergling x8  
  39  6:42  Zergling x4  
  39  6:46  Queen  
  47  6:49  Hydralisk Den  
  46  7:01  Spire  
  42  7:12  Zergling x2  
  42  7:13  Zergling x6  
  42  7:21  Zergling x4  
  37  7:38  Zergling x2  
  37  7:39  Zergling x6  
  36  7:56  Hydralisk x2  
  40  8:00  Hydralisk  
  40  8:01  Hydralisk  
  44  8:11  Hydralisk  
  44  8:12  Hydralisk  
  41  8:28  Hydralisk x3  
  43  8:41  Hydralisk x2  
  43  8:44  Hydralisk  
  33  9:19  Zergling x2  
  33  9:20  Zergling x10  
  39  9:27  Spine Crawler  
  39  9:31  Hydralisk  
  38  9:34  Hydralisk  
  42  9:48  Hydralisk  
Show
View Real Time Build Order
Export as new Build Order

Throwfordays Terran - Winner!

Build Orders:  

Get SALT Encoding   

  12  0:00  SCV  
  13  0:15  Supply Depot  
  13  0:16  SCV  
  14  0:25  Refinery  
  14  0:38  Barracks  
  14  0:41  SCV  
  15  0:53  SCV  
  16  1:04  Barracks  
  16  1:05  SCV  
  17  1:17  SCV  
  19  1:25  Reaper  
  19  1:27  Supply Depot  
  19  1:30  SCV  
  20  1:37  Refinery  
  20  1:53  Reaper, Barracks  
  21  1:59  Reaper  
  22  2:01  SCV  
  23  2:12  Supply Depot  
  23  2:13  SCV  
  24  2:25  SCV  
  24  2:29  Reaper  
  26  2:38  SCV  
  26  2:39  Reaper  
  26  2:40  Reaper  
  29  2:46  Engineering Bay  
  29  2:50  SCV  
  30  2:58  Refinery  
  30  3:01  Reaper  
  31  3:11  Reaper  
  32  3:15  Reaper  
  32  3:19  SCV  
  34  3:21  Terran Infantry Weapons Level 1  
  34  3:31  Refinery, SCV  
  35  3:39  Reaper  
  36  3:50  Supply Depot  
  36  3:55  Command Center  
  36  3:58  SCV  
  36  4:02  Reaper  
  38  4:47  SCV, Factory  
  38  4:50  Supply Depot  
  38  4:51  Reaper x2  
  38  4:52  Reaper  
  42  4:59  SCV  
  39  5:23  Reaper x2  
  39  5:24  Reaper  
  42  5:28  Terran Infantry Armor Level 1  
  42  5:32  Engineering Bay  
  42  5:37  SCV  
  42  5:38  Armory  
  42  5:40  SCV  
  44  5:49  Supply Depot  
  44  5:52  SCV  
  44  5:55  Reaper  
  44  5:56  Reaper x2  
  48  6:14  Orbital Command  
  48  6:15  Orbital Command  
  48  6:28  Reaper x3  
  49  6:47  SCV  
  49  6:53  SCV  
  51  6:58  Terran Infantry Weapons Level 2  
  51  6:59  SCV  
  51  7:00  Reaper x3  
  55  7:05  SCV  
  56  7:12  SCV  
  53  7:18  SCV  
  54  7:32  Reaper x3  
  54  8:04  Reaper x3  
  57  8:06  Factory Reactor  
  57  8:08  Terran Infantry Armor Level 2  
  57  8:10  Terran Vehicle Weapons Level 1  
  53  8:36  Reaper x3  
  56  8:43  Hellion x2  
  60  8:53  Factory  
  60  9:08  Reaper  
  55  9:20  Barracks Reactor x2  
  55  9:22  Hellion x2  
  57  9:46  Factory Tech Lab  
  57  9:47  Barracks Reactor  
  57  9:49  Hellion x2  
Tags
 
League
GoldGold
Matchup
TvZ
Opening
Pool First
Replay Pack
Multiplayer
Add a new tag
Caveats
  • Supply blocks, unpowered buildings, or Contaminate may cause inaccurate times.
  • Supply counts are checked every 10 seconds.